 Dungeon Crawl Stone Soup version 0.18.1-8-gdd0e5ea (webtiles) character file.

7060 stauk the Slicer (level 11, -8/68 HPs)
             Began as a Kobold Berserker on May 24, 2016.
             Was a High Priest of Trog.
             Mangled by Charly's ghost (26 damage)
             ... on level 1 of the Lair of Beasts on May 29, 2016.
             The game lasted 01:19:58 (8923 turns).

stauk the Slicer (Kobold Berserker)                 Turns: 8923, Time: 01:20:00

Health: -8/68      AC: 15    Str: 15    XL:     11   Next: 30%
Magic:  14/14      EV: 12    Int:  5    God:    Trog [*****.]
Gold:   571        SH: 11    Dex: 22    Spells: 0 memorised, 10 levels left

rFire  . . .     SeeInvis +     X - +4 rapier (vamp)
rCold  . . .     Gourm    .     M - +0 chain mail
rNeg   . . .     Faith    .     u - +0 shield
rPois  .         Spirit   .     C - +0 helmet
rElec  .         Dismiss  +     J - +0 cloak (curse)
rCorr  +         Reflect  .     y - +2 pair of gloves
SustAt .         Harm     .     (no boots)
MR     .....     Rnd*Rage +     R - amulet of dismissal
Stlth  ..........               d - ring of see invisible
                                p - ring of resist corrosion

@: exhausted, slowed, very slow, not resistant to hostile enchantments,
extremely unstealthy
A: thin skeletal structure 1, berserk 1, carnivore 3, low mp 1
a: Berserk, Trog's Hand, Brothers in Arms, Burn Spellbooks, Renounce Religion


You were on level 1 of the Lair of Beasts.
You worshipped Trog.
Trog was extremely pleased with you.
You were not hungry.

You visited 2 branches of the dungeon, and saw 9 of its levels.

You collected 571 gold pieces.

Inventory:

Hand Weapons
 r - a +0 blowgun
 B - the +9 dagger of Qiboun {drain, MP+9}
   (You found it on level 6 of the Dungeon)

   A truly terrible weapon, it drains the life of those it strikes.
   It affects your magic capacity (+9).
 U - a +3 dagger of chaos
 X - a +4 vampiric rapier (weapon)
Missiles
 t - 24 poisoned needles
Armour
 u - a +0 shield (worn)
 y - a +2 pair of gloves (worn)
 C - a +0 helmet (worn)
 G - a +0 leather armour of poison resistance
 J - a cursed +0 cloak (worn)
 M - a +0 chain mail (worn)
Jewellery
 d - a ring of see invisible (right hand)
 p - a ring of resist corrosion (left hand)
 s - a +3 ring of intelligence
 H - an uncursed ring of ice
 O - an uncursed ring of magical power
 R - an amulet of dismissal (around neck)
Wands
 E - a wand of iceblast (9/15)
 K - a wand of heal wounds (0/9)
 N - a wand of polymorph (14/24)
 P - a wand of paralysis (12/24)
 W - a wand of iceblast (1/15)
Scrolls
 b - a scroll of teleportation {unknown}
 i - a scroll of random uselessness {unknown}
 j - 3 scrolls of amnesia {unknown}
 k - 4 scrolls of remove curse
 m - 3 scrolls of identify
 q - a scroll of fog {unknown}
 w - 4 scrolls of magic mapping
 A - 2 scrolls of enchant weapon
 I - a scroll of fear
 Q - a scroll of recharging {unknown}
Potions
 e - a potion of ambrosia {unknown}
 f - a potion of mutation
 h - a potion of heal wounds {unknown}
 l - a potion of cancellation {unknown}
 n - a potion of resistance
 o - a potion of lignification {unknown}
 v - 2 potions of curing
 x - 2 potions of flight
 D - a potion of brilliance
 L - a potion of cure mutation {unknown}
 S - a potion of haste {unknown}
 T - a potion of degeneration {unknown}
Books
 a - a book of Maledictions

   Spells                             Type                      Level
   a - Corona                         Hexes                        1
   b - Ensorcelled Hibernation        Hexes/Ice                    2
   c - Confuse                        Hexes                        3
   d - Tukima's Dance                 Hexes                        3
   e - Dazzling Spray                 Conjuration/Hexes            3
   Trog disapproves of the use of such an item.
 V - Igaokk's Tome of Heat
   (You found it on level 1 of the Lair of Beasts)

   Spells                             Type                      Level
   a - Bolt of Magma                  Conjuration/Fire/Earth       5
   b - Ring of Flames                 Charms/Fire                  7
   c - Delayed Fireball               Conjuration/Fire             7
   Trog disapproves of the use of such an item.
Miscellaneous
 z - a plain deck of destruction
Comestibles
 c - 4 meat rations
 g - 2 slices of pizza
 F - a beef jerky


   Skills:
 + Level 7.9 Fighting
 * Level 12.1 Short Blades
 + Level 5.4 Armour
 + Level 8.4 Dodging
 + Level 4.9 Shields
 + Level 6.9 Evocations


You had 10 spell levels left.
You didn't know any spells.

Dungeon Overview and Level Annotations

Branches:
Dungeon (8/15)             Temple (0/1) D:6            Lair (1/8) D:8

Altars:
Elyvilon
Makhleb
Nemelex Xobeh
Qazlal
Sif Muna
Vehumet

Shops:
D:7 *

Annotations:
Lair:1 Charly's ghost, journeyman TrMo


Innate Abilities, Weirdness & Mutations

You are small and have problems with some larger weapons.
You are carnivorous and can eat meat at any time.
You have a somewhat thin skeletal structure (Dex +2, Stealth).
You tend to lose your temper in combat.
Your magical capacity is low (-10% MP).


Message History

You are too injured to fight recklessly!
You are too injured to fight recklessly!
You are too injured to fight recklessly!
You are too injured to fight recklessly!
You are too injured to fight recklessly!
You are too injured to fight recklessly!
You are too injured to fight recklessly!
You are too injured to fight recklessly!
You are too injured to fight recklessly!
You are too injured to fight recklessly!
You are no longer berserk.
You are exhausted.
You feel yourself slow down.
You hit Charly's ghost.
Charly's ghost is almost destroyed.
You block Charly's ghost's attack.
You hit Charly's ghost but do no damage.
Charly's ghost is almost destroyed.
Charly's ghost hits you!!
You die...

,,,,,* #...##.########.... ,,,,,*
##..#### #..## ,,,,,* ##..## ***
#.... ,,,,,*
###P...#####P#**#....
,,,,,***#####.##..........,,,....
,,,,,,,,........%....####,**,*,..
,,,,,,,,,.........(..# ******,..
,,,,,,,,,........%...# #...
,,,,*,***#####..@....# *#...
,,,,*** #..W%...### #P... ,,,,*
#......%..######.... ,,,,*
#......%............ ,,,,*
#..†...#.##.##.,...# ,,,,*
#..........,.#...#.. ,,,,*
#.....#......#...#.> ,,,.#*
#.....#......#..)... ,,,..#*
##............#...#..


You could see Charly's ghost.

Vanquished Creatures
  The ghost of Rationalist the Nimble, a journeyman DsBe of Trog (Lair:1)
  The ghost of deorigin the Cleaver, a novice DDGl (D:7)
  A deep elf mage (D:8)
  Psyche (D:8)
  A komodo dragon (D:8)
  A two-headed ogre (D:8)
  Sigmund (D:5)
  A wyvern (D:8)
  A hippogriff (Lair:1)
  7 swamp worms (Lair:1)
  2 water moccasins (Lair:1)
  2 porcupines (Lair:1)
  An ice beast (D:6)
  2 sky beasts
  A black bear (D:8)
  2 phantoms
  3 ogres
  A necrophage (D:8)
  5 wolves (Lair:1)
  A centaur (D:5)
  4 giant frogs
  2 scorpions
  2 crimson imps
  2 giant frog zombies
  4 hounds
  2 centaur skeletons
  2 orc priests
  A gnoll shaman (D:5)
  4 orc wizards
  2 iguanas
  5 worker ants
  A hound zombie (D:8)
  4 gnolls (D:5)
  A howler monkey skeleton (D:6)
  22 river rats (Lair:1)
  13 adders
  A shadow imp (D:8)
  An ooze (D:3)
  An adder zombie (D:5)
  An adder skeleton (D:4)
  16 worms
  9 dart slugs
  8 giant geckos
  12 orcs
  2 ball pythons
  9 bats
  7 giant cockroaches
  8 hobgoblins
  6 jackals
  7 kobolds
  A quokka (D:2)
  A ball python skeleton (D:3)
  A giant gecko zombie (D:7)
  4 giant newts
  10 goblins
  A quokka skeleton (D:6)
  9 rats
222 creatures vanquished.

Vanquished Creatures (others)
  A sky beast (D:5)
  3 plants
4 creatures vanquished.

Grand Total: 226 creatures vanquished

Notes
Turn   | Place    | Note
--------------------------------------------------------------
     0 | D:1      | stauk the Kobold Berserker began the quest for the Orb.
     0 | D:1      | Reached XP level 1. HP: 14/14 MP: 1/1
   198 | D:1      | Reached XP level 2. HP: 19/19 MP: 2/2
   353 | D:1      | Reached XP level 3. HP: 20/23 MP: 3/3
   794 | D:2      | Reached skill level 5 in Short Blades
   800 | D:2      | Reached XP level 4. HP: 13/29 MP: 4/4
  1069 | D:2      | Reached ** piety under Trog
  2139 | D:2      | Reached XP level 5. HP: 33/33 MP: 5/5
  2893 | D:3      | Reached *** piety under Trog
  3219 | D:4      | Reached skill level 6 in Short Blades
  3277 | D:4      | Found a sparkling altar of Nemelex Xobeh.
  3300 | D:4      | Reached XP level 6. HP: 34/39 MP: 6/6
  3799 | D:4      | Reached skill level 1 in Shields
  3893 | D:4      | Reached XP level 7. HP: 44/44 MP: 7/7
  4349 | D:5      | Entered Level 5 of the Dungeon
  4509 | D:5      | Reached skill level 7 in Short Blades
  4509 | D:5      | Reached skill level 1 in Evocations
  4679 | D:5      | Reached **** piety under Trog
  4697 | D:5      | Noticed Sigmund
  4710 | D:5      | Killed Sigmund
  4710 | D:5      | Reached skill level 5 in Fighting
  4829 | D:5      | Reached XP level 8. HP: 49/49 MP: 9/9
  5184 | D:5      | Reached skill level 8 in Short Blades
  5184 | D:5      | Reached skill level 5 in Dodging
  5389 | D:5      | Found a radiant altar of Vehumet.
  5483 | D:5      | Found a burning altar of Makhleb.
  6021 | D:6      | Reached XP level 9. HP: 55/55 MP: 11/11
  6217 | D:6      | Found a burning altar of Makhleb.
  6252 | D:6      | Got a shimmering dagger
  6253 | D:6      | Identified the +9 dagger of Qiboun {drain, MP+9} (You found it on level 6 of the Dungeon)
  6281 | D:6      | Reached skill level 9 in Short Blades
  6449 | D:6      | Found a staircase to the Ecumenical Temple.
  6674 | D:6      | Found a deep blue altar of Sif Muna.
  6953 | D:7      | Found a stormy altar of Qazlal.
  7099 | D:7      | Noticed deorigin's ghost (novice DDGl)
  7127 | D:7      | Killed deorigin's ghost
  7127 | D:7      | Reached skill level 10 in Short Blades
  7298 | D:7      | Found Witosurgh's General Store.
  7499 | D:8      | Reached XP level 10. HP: 61/61 MP: 13/13
  7583 | D:8      | Noticed a deep elf mage
  7586 | D:8      | Killed a deep elf mage
  7586 | D:8      | Reached skill level 5 in Evocations
  7682 | D:8      | Noticed Psyche
  7691 | D:8      | Killed Psyche
  7732 | D:8      | Reached skill level 11 in Short Blades
  7777 | D:8      | Found a staircase to the Lair.
  7777 | D:8      | Noticed a komodo dragon
  7798 | D:8      | Killed a komodo dragon
  7815 | Lair:1   | Entered Level 1 of the Lair of Beasts
  7815 | Lair:1   | Found a white marble altar of Elyvilon.
  7910 | Lair:1   | Reached ***** piety under Trog
  8026 | Lair:1   | Noticed Rationalist's ghost (journeyman DsBe)
  8045 | Lair:1   | Killed Rationalist's ghost
  8045 | Lair:1   | Reached skill level 5 in Armour
  8045 | Lair:1   | Reached XP level 11. HP: 67/67 MP: 15/15
  8272 | Lair:1   | Identified Igaokk's Tome of Heat
  8302 | Lair:1   | Reached skill level 12 in Short Blades
  8308 | Lair:1   | Gained mutation: You have a somewhat thin skeletal structure (Dex +2, Stealth). [potion of mutation]
  8308 | Lair:1   | Gained mutation: Your magical capacity is low (-10% MP). [potion of mutation]
  8308 | Lair:1   | Gained mutation: You tend to lose your temper in combat. [potion of mutation]
  8838 | Lair:1   | Received a gift from Trog
  8887 | Lair:1   | Noticed Charly's ghost (journeyman TrMo)
  8923 | Lair:1   | Mangled by Charly's ghost

Skill      XL: |  1  2  3  4  5  6  7  8  9 10 11 |
---------------+----------------------------------+-----
Short Blades   | 5 6 7 8 10 11 12 | 12.1
Dodging        | 3 4 5 6 7 8 |  8.4
Armour         | 2 3 4 5 |  5.4
Fighting       | 4 5 6 7 |  7.9
Shields        | 1 2 3 4 |  4.9
Evocations     | 1 3 4 6 |  6.9

Action                   |  1- 3 |  4- 6 |  7- 9 | 10-12 || total
-------------------------+-------+-------+-------+-------++-------
Melee: Short sword       |    76 |   271 |   351 |       ||   698
       Dagger            |       |       |    98 |   309 ||   407
       Rapier            |       |       |       |    34 ||    34
Invok: Berserk           |     4 |    10 |    12 |     6 ||    32
       Trog's Hand       |       |       |     1 |       ||     1
Evoke: Wand              |       |       |     1 |     5 ||     6
  Use: Scroll            |       |     1 |     3 |     3 ||     7
       Potion            |       |       |     4 |     1 ||     5
 Stab: Sleeping          |     2 |       |     1 |       ||     3
       Paralysed         |       |       |       |     1 ||     1
  Eat: Chunk             |    12 |    18 |    26 |     8 ||    64
Armor: Animal skin       |     5 |     6 |       |       ||    11
       Scale mail        |       |    47 |     9 |       ||    56
       Leather armour    |       |       |    11 |       ||    11
       Chain mail        |       |       |    90 |    66 ||   156
Dodge: Dodged            |    67 |   109 |   130 |    82 ||   388
Block: Shield            |       |    46 |   170 |    92 ||   308
